AoeStats
← FettNasty

Black Forest

505249164Analyzed
4v4 RM · 25d ago on Sep 8, 2026· 49m 54s· 8 players
Game mode
Random Map
Map size
Large (8 player)
Population
200
Speed
Normal
Resources
Standard
Victory
Conquest
Starting age
Dark Age
Ending age
Imperial Age
RankedLock teamsTeams togetherTeam positionsShared explorationLock speedFull tech treeHidden civsTurbo modeCheats
Victory
Defeat
🇬🇧 Maya · United Kingdom
995
+12
🇪🇸 Poles · Spain
992
+12
🇺🇸 Malians · United States
930
+14
🇬🇧 Goths · United Kingdom
924
+14
🇨🇳 Japanese · China
946
-15
🇨🇳 Teutons · China
944
-15
🇨🇳 Mongols · China
864
-12
🇵🇪 Sicilians · Peru
826
-10
FettNasty
11:05 Feudal Age
11:35 Double-Bit Axe
12:27 Wheelbarrow
11:34 Horse Collar
21:18 Castle Age
19:19 Stone Mining
19:43 Gold Mining
20:46 Forging
20:38 Scale Mail Armor
21:18 Arson
22:42 Bow Saw
22:50 Squires
23:52 Hand Cart
24:29 Stone Shaft Mining
24:40 Gold Shaft Mining
28:08 Heavy Plow
28:21 Town Watch
33:01 Imperial Age
30:32 Town Patrol
31:16 Caravan
31:58 Chain Mail Armor
32:58 Iron Casting
32:13 Fletching
32:13 Treadmill Crane
32:54 Ballistics
33:14 Padded Archer Armor
34:23 Conscription
33:27 Elite Gbeto
34:29 Fortified Wall
35:19 Plate Mail Armor
34:55 Bodkin Arrow
36:20 Guilds
37:56 Pikeman
49:49 Loom
50:17 Masonry
49:58 Heated Shot
49:59 Guard Tower
51:09 Chemistry
50:20 Clinker Construction
50:21 Careening
50:14 Murder Holes
Sye the Red Voice
0:27 Loom
16:42 Feudal Age
18:03 Wheelbarrow
17:16 Double-Bit Axe
17:13 Horse Collar
17:25 Gold Mining
17:36 Stone Mining
19:26 Man-at-Arms
20:22 Forging
20:12 Scale Mail Armor
19:58 Fishing Lines
21:37 Scale Mail Armor
28:46 Castle Age
26:52 Padded Archer Armor
26:49 Fletching
29:52 Hand Cart
29:50 Bow Saw
29:49 Heavy Plow
29:13 Long Swordsman
29:14 Pikeman
29:54 Squires
31:24 Stone Shaft Mining
31:10 Chain Mail Armor
31:32 Iron Casting
33:40 Caravan
34:01 Anarchy
41:10 Imperial Age
42:21 Crop Rotation
42:53 Two-Man Saw
42:55 Blast Furnace
41:21 Elite Huskarl
42:02 Perfusion
41:25 Halberdier
MIRMIDOR
0:26 Loom
14:55 Feudal Age
16:54 Double-Bit Axe
20:09 Castle Age
17:57 Horse Collar
23:19 Bow Saw
23:13 Heavy Plow
25:26 Wheelbarrow
27:31 Gold Mining
29:43 Hand Cart
29:52 Stone Mining
31:33 Stone Shaft Mining
36:00 Imperial Age
33:53 Szlachta Privileges
33:57 Scale Barding Armor
35:16 Husbandry
35:28 Bloodlines
35:35 Forging
35:47 Chain Barding Armor
36:07 Cavalier
37:10 Conscription
37:31 Iron Casting
36:47 Fletching
37:33 Crop Rotation
39:13 Blast Furnace
40:34 Bodkin Arrow
40:40 Padded Archer Armor
42:35 Leather Archer Armor
42:22 Bracer
42:18 Crossbowman
43:22 Thumb Ring
43:18 Arbalester
43:22 Elite Skirmisher
46:38 Chemistry
45:44 Siege Engineers
47:36 Town Watch
Ares xD
12:14 Feudal Age
13:12 Double-Bit Axe
14:39 Horse Collar
17:32 Castle Age
17:35 Wheelbarrow
18:20 Loom
19:26 Heavy Plow
19:52 Fishing Lines
20:55 Bow Saw
22:02 Hand Cart
22:45 Gillnets
24:39 Gold Mining
25:51 Stone Mining
25:53 Fletching
26:04 Padded Archer Armor
26:31 Fortified Wall
27:19 Ballistics
29:34 Stone Shaft Mining
28:47 Town Watch
29:55 Bodkin Arrow
30:16 Leather Archer Armor
30:59 Thumb Ring
34:19 Imperial Age
32:35 Caravan
33:21 Masonry
35:04 Treadmill Crane
34:59 Elite Plumed Archer
36:52 Chemistry
36:53 Conscription
38:48 Two-Man Saw
38:42 Pikeman
39:24 Squires
39:46 Forging
39:36 Scale Mail Armor
39:37 Bracer
40:08 Ring Archer Armor
41:33 Hoardings
41:44 Iron Casting
41:24 Chain Mail Armor
40:35 Halberdier
45:57 Blast Furnace
45:36 Plate Mail Armor
44:47 Eagle Warrior
45:14 Arson
45:32 Elite Eagle Warrior
47:28 Architecture
46:54 Murder Holes
PlyerX
13:30 Feudal Age
14:49 Wheelbarrow
14:57 Horse Collar
15:37 Double-Bit Axe
21:38 Castle Age
20:19 Fishing Lines
21:43 Gold Mining
23:28 Hand Cart
25:25 Gillnets
27:27 Bow Saw
29:16 Heavy Plow
32:28 Stone Mining
33:14 Gold Shaft Mining
34:02 Arson
34:36 Husbandry
37:48 Imperial Age
37:22 Stone Shaft Mining
38:37 Cavalier
40:56 Elite Serjeant
42:34 Crop Rotation
41:55 Elite Skirmisher
43:17 Ballistics
43:58 Chemistry
43:23 Squires
45:07 Gambesons
noobgamer
0:27 Loom
11:28 Feudal Age
15:06 Wheelbarrow
14:42 Double-Bit Axe
14:40 Horse Collar
17:32 Castle Age
16:30 Stone Mining
18:06 Gold Mining
19:54 Bow Saw
23:05 Heavy Plow
25:58 Town Watch
30:54 Gold Shaft Mining
33:45 Imperial Age
31:32 Fletching
32:18 Treadmill Crane
32:49 Fortified Wall
32:38 Murder Holes
33:36 Yasama
33:41 Bodkin Arrow
34:08 Hand Cart
35:03 Conscription
34:38 Guard Tower
35:09 Scale Mail Armor
34:57 Arrowslits
36:57 Hoardings
37:27 Chemistry
37:46 Keep
37:23 Masonry
37:15 Bracer
38:11 Town Patrol
38:34 Ballistics
40:20 Two-Man Saw
39:36 Forging
39:41 Chain Mail Armor
hold up
0:31 Loom
13:21 Feudal Age
17:38 Castle Age
16:21 Double-Bit Axe
17:41 Horse Collar
19:14 Bow Saw
21:03 Wheelbarrow
20:48 Heavy Plow
22:15 Gold Mining
22:21 Stone Mining
26:31 Fervor
27:36 Hand Cart
27:35 Caravan
30:28 Fletching
31:50 Ballistics
34:16 Imperial Age
32:45 Bodkin Arrow
34:22 Stone Shaft Mining
33:55 Scale Barding Armor
34:01 Forging
33:53 Scale Mail Armor
33:54 Padded Archer Armor
34:29 Masonry
35:48 Crenellations
35:49 Conscription
36:05 Hoardings
36:16 Hoardings
36:55 Chemistry
36:30 Elite Teutonic Knight
37:35 Chain Mail Armor
37:55 Iron Casting
38:39 Chain Barding Armor
38:50 Plate Mail Armor
38:35 Leather Archer Armor
39:10 Ironclad
38:21 Sappers
41:19 Crop Rotation
41:52 Two-Man Saw
42:19 Squires
42:05 Arson
42:06 Gambesons
47:12 Bloodlines
46:25 Cavalier
48:36 Blast Furnace
48:12 Plate Barding Armor
48:07 Ring Archer Armor
47:47 Paladin
JOE
0:30 Loom
11:47 Feudal Age
20:16 Castle Age
18:25 Double-Bit Axe
21:37 Wheelbarrow
21:02 Stone Mining
21:03 Gold Mining
22:34 Hand Cart
23:04 Bow Saw
26:21 Horse Collar
29:56 Heavy Plow
33:23 Nomads
34:38 Fortified Wall
34:39 Masonry
39:47 Imperial Age
39:10 Caravan
39:52 Gold Shaft Mining
41:25 Conscription
41:26 Drill
41:15 Husbandry
41:26 Bloodlines
40:39 Light Cavalry
41:47 Onager
43:34 Hussar
Connection lost

Rejoining the realm…

Still unreachable

The connection could not be restored.

Session expired

The server has moved on; the page needs a fresh start.